Map: Agria Valley

Players

Player 2

  • Race: Zerg Zerg
  • Spawn Location: 11:00

NamroodTuo - Winner!

  • Race: Zerg Zerg

VOD

Have the link to the VOD?

Description

Time

  • Played on: Jan. 10, 2023, 7:22 a.m.
  • Length: 7:49
Show
View Real Time Build Order
Export as new Build Order

Player 2 Zerg 

Build Orders: 1 Base Baneling Bust, Pool Only 

Get SALT Encoding   

  12  0:01  Drone  
  12  0:03  Unknown  
  13  0:12  Overlord  
  13  0:18  Drone  
  14  0:30  Drone  
  14  0:32  Drone  
  16  0:42  Spawning Pool  
  15  0:45  Drone  
  15  0:49  Drone  
  17  0:52  Extractor  
  17  0:54  Drone  
  17  1:04  Overlord  
  17  1:16  Zergling x2  
  18  1:21  Queen  
  18  1:25  Zergling x2  
  19  1:36  Drone  
  19  1:38  Roach Warren  
  19  1:39  Extractor  
  20  1:47  Drone  
  21  1:58  Drone  
  22  2:08  Roach  
  24  2:19  Drone  
  25  2:30  Overlord  
  25  2:31  Roach  
  25  2:32  Drone  
  25  2:37  Roach  
  30  2:46  Drone, Baneling Nest  
  30  2:48  Roach  
  32  2:51  Overlord  
  32  2:59  Drone  
  32  3:01  Drone  
  32  3:04  Drone  
  35  3:07  Drone  
  35  3:11  Drone  
  37  3:15  Drone  
  38  3:23  Evolution Chamber  
  38  3:24  Drone  
  37  3:28  Zergling x2  
  38  4:04  Zergling x2  
  38  4:09  Zergling x2  
  38  4:15  Roach  
  36  4:21  Roach  
  36  4:26  Lair  
  36  4:27  Roach  
  36  4:33  Roach  
  36  4:34  Zerg Melee Weapons Level 1  
  36  4:37  Evolution Chamber  
  37  4:41  Roach  
  35  4:48  Roach  
  35  4:55  Zergling x2  
  25  5:09  Queen  
  21  5:18  Drone  
  22  5:23  Drone  
  22  5:25  Hydralisk Den  
  21  5:31  Zergling x2  
  19  5:38  Zergling x2  
  18  5:45  Queen  
  14  5:54  Hydralisk  
  12  6:00  Drone  
  12  6:01  Drone  
  15  6:09  Drone  
  15  6:11  Drone  
  16  6:12  Drone  
  14  6:19  Drone  
Show
View Real Time Build Order
Export as new Build Order

NamroodTuo Zerg - Winner!

Build Orders:  

Get SALT Encoding   

  12  0:00  Unknown x2  
  12  0:01  Unknown  
  13  0:13  Unknown  
  13  0:19  Unknown  
  13  0:24  Unknown  
  13  0:28  Unknown  
  15  0:35  Unknown  
  15  0:36  Unknown  
  15  0:40  Unknown  
  15  0:47  Unknown  
  15  0:53  Unknown  
  15  0:55  Unknown  
  16  1:01  Unknown  
  17  1:06  Unknown  
  17  1:07  Unknown  
  17  1:10  Unknown  
  19  1:13  Unknown  
  19  1:14  Unknown  
  20  1:18  Unknown  
  20  1:20  Unknown  
  20  1:22  Unknown  
  20  1:26  Unknown  
  20  1:37  Unknown  
  20  1:39  Unknown  
  20  1:41  Unknown  
  20  1:44  Unknown  
  20  1:45  Unknown x2  
  22  1:54  Unknown  
  22  1:57  Unknown  
  22  1:58  Unknown  
  23  2:06  Unknown  
  23  2:08  Unknown x7  
  23  2:09  Unknown  
  23  2:27  Unknown  
  23  2:29  Unknown  
  27  2:30  Unknown x8  
  27  2:51  Unknown x16  
  27  2:59  Unknown x6  
  27  3:13  Unknown x18  
  27  3:16  Unknown  
  27  3:17  Unknown  
  27  3:23  Unknown x6  
  27  3:24  Unknown  
  27  3:25  Unknown x4  
  27  3:26  Unknown  
  27  3:34  Unknown x17  
  27  3:50  Unknown  
  27  3:51  Unknown  
  27  3:55  Unknown x6  
  27  3:56  Unknown x13  
  27  4:00  Unknown x5  
  27  4:01  Unknown x4  
  27  4:02  Unknown  
  27  4:03  Unknown x3  
  27  4:05  Unknown x2  
  27  4:06  Unknown x2  
  27  4:08  Unknown x6  
  27  4:09  Unknown x3  
  31  4:10  Unknown x2  
  31  4:13  Unknown x2  
  31  4:17  Unknown x16  
  31  4:18  Unknown x2  
  31  4:20  Unknown x3  
  31  4:25  Unknown  
  31  4:37  Unknown  
  31  4:38  Unknown x12  
  31  4:39  Unknown x13  
  31  4:40  Unknown x5  
  31  4:41  Unknown x8  
  31  4:42  Unknown x6  
  31  4:43  Unknown x4  
  31  4:44  Unknown x2  
  31  4:45  Unknown x8  
  31  4:46  Unknown x4  
  31  4:47  Unknown x4  
  31  4:48  Unknown x4  
  31  4:49  Unknown x4  
  31  4:50  Unknown x6  
  31  4:51  Unknown x2  
  31  4:52  Unknown x4  
  31  4:53  Unknown x5  
  31  4:54  Unknown x2  
  31  4:55  Unknown x7  
  31  4:56  Unknown x7  
  31  4:57  Unknown x3  
  31  4:58  Unknown x2  
  31  4:59  Unknown  
  31  5:00  Unknown x19  
  31  5:01  Unknown x4  
  31  5:02  Unknown x2  
  31  5:03  Unknown  
  31  5:04  Unknown  
  31  5:05  Unknown x4  
  31  5:06  Unknown  
  31  5:07  Unknown  
  31  5:08  Unknown  
  31  5:15  Unknown  
  31  5:17  Unknown  
  31  5:20  Unknown x4  
  31  5:21  Unknown x19  
  31  5:22  Unknown  
  31  5:23  Unknown x7  
  31  5:24  Unknown x2  
  31  5:25  Unknown x3  
  31  5:26  Unknown x4  
  31  5:27  Unknown x2  
  31  5:28  Unknown x7  
  31  5:29  Unknown x5  
  31  5:32  Unknown x8  
  31  5:33  Unknown x3  
  31  5:34  Unknown x7  
  31  5:35  Unknown x5  
  31  5:36  Unknown  
  31  5:37  Unknown x3  
  31  5:39  Unknown x4  
  31  5:41  Unknown  
  31  5:42  Unknown x2  
  31  5:43  Unknown x15  
  31  5:45  Unknown x2  
  31  5:46  Unknown  
  31  5:48  Unknown  
  31  5:50  Unknown  
  31  5:51  Unknown  
  31  5:52  Unknown  
  31  6:04  Unknown x17  
  31  6:07  Unknown x2  
  31  6:08  Unknown x8  
  31  6:09  Unknown x3  
  31  6:10  Unknown x7  
  31  6:11  Unknown x11  
  31  6:12  Unknown x6  
  31  6:13  Unknown x6  
  31  6:14  Unknown x9  
  31  6:15  Unknown x7  
  31  6:16  Unknown x5  
  31  6:17  Unknown x9  
  31  6:18  Unknown x6  
  31  6:19  Unknown x5  
  31  6:20  Unknown x3  
  31  6:21  Unknown x7  
  31  6:22  Unknown x5  
  31  6:23  Unknown x7  
  31  6:24  Unknown x4  
  31  6:25  Unknown x22  
  31  6:26  Unknown x21  
  31  6:27  Unknown  
  31  6:28  Unknown x2  
  31  6:29  Unknown  
  31  6:30  Unknown x3  
  31  6:32  Unknown x4  
  31  6:33  Unknown x2  
  31  6:34  Unknown x3  
  31  6:35  Unknown  
  31  6:41  Unknown  
  31  6:43  Unknown  
  31  6:45  Unknown  
  31  6:46  Unknown x4  
  31  6:47  Unknown x40  
  31  6:48  Unknown x5  
  31  6:49  Unknown x5  
  31  6:50  Unknown x6  
  31  6:51  Unknown x7  
  31  6:52  Unknown x6  
  31  6:53  Unknown x9  
  31  6:54  Unknown x3  
  31  6:58  Unknown  
  31  7:00  Unknown x4  
  31  7:01  Unknown x10  
  31  7:02  Unknown x6  
  31  7:04  Unknown x3  
  31  7:05  Unknown x4  
  31  7:06  Unknown x3  
  31  7:07  Unknown  
  31  7:08  Unknown x28  
  31  7:09  Unknown x4  
  31  7:15  Unknown  
  31  7:17  Unknown  
  31  7:26  Unknown x2  
  31  7:27  Unknown x6  
  31  7:28  Unknown x7  
  31  7:29  Unknown x7  
  31  7:30  Unknown x33  
  31  7:31  Unknown x11  
  31  7:32  Unknown x11  
  31  7:34  Unknown x16  
  31  7:35  Unknown x6  
  31  7:36  Unknown x5  
  31  7:37  Unknown x13  
  31  7:38  Unknown x5  
  31  7:39  Unknown  
  31  7:42  Unknown x4  
  31  7:43  Unknown x7  
  31  7:44  Unknown x5  
  31  7:45  Unknown x17  
  31  7:47  Unknown x2  
  31  7:48  Unknown x5  
Tags
 
Add a new tag
Caveats
  • Supply blocks, unpowered buildings, or Contaminate may cause inaccurate times.
  • Supply counts are checked every 10 seconds.